Newfoundland Shamrocks vs London Knights
Created - Monday, May 15, 2023 at 07:00
Goals
|
| Newfoundland Shamrocks |
0 |
1 |
1 |
2 |
| London Knights |
0 |
2 |
2 |
4 |
|
Shots
|
| Newfoundland Shamrocks |
8 |
15 |
10 |
33 |
| London Knights |
7 |
19 |
13 |
39 |
|
1st period
No Goal
Penalties :
Nicolas Deslauriers (NFS) for Interference (Minor) at 2:24, Alec Regula (NFS) for Hooking (Minor) at 16:27
2nd period
1. London Knights , Marco Rossi 5 (Cole Koepke 7) at 5:37
2. Newfoundland Shamrocks , Filip Hallander 8 (Sam Poulin 11, Drew O'Connor 11) at 10:42
3. London Knights , Jan Jenik 19 (Rasmus Kupari 40, Jordan Oesterle 14) at 17:47
Penalties :
Nicolas Deslauriers (NFS) for Hooking (Minor) at 16:21, Troy Stecher (LKN) for Hooking (Minor) at 17:15
3rd period
4. London Knights , Ethan Bear 8 (Jordan Oesterle 15) at 2:02 (PP)
5. Newfoundland Shamrocks , Sean Monahan 15 (Denis Gurianov 22, Jon Merrill 20) at 2:16
6. London Knights , Cameron Hughes 20 (Christian Wolanin 6, Rasmus Kupari 41) at 15:19
Penalties :
Nicolas Deslauriers (NFS) for Roughing (Minor) at 0:36
Goalie Stats
Louis Domingue (NFS), 35 saves from 39 shots - (0.897), L, 13-9-5, 60:00 minutes
Michael Hutchinson (LKN), 31 saves from 33 shots - (0.939), W, 5-11-2, 60:00 minutes
Players Stats for Newfoundland Shamrocks
Player Name G A P +/- PIM S H SB GA TA FO MP PP MP PK MP
------------------------------------------------------------------------------------
Alec Regula 0 0 0 -1 2 0 3 3 0 0 0/0 20:05 0:54 1:43
Alex Chiasson 0 0 0 0 0 2 0 0 1 0 1/4 21:09 0:44 0:39
Denis Gurianov 0 1 1 -1 0 6 1 3 0 0 0/0 19:10 0:10 0:00
Drew O'Connor 0 1 1 0 0 3 1 0 2 0 1/1 14:16 0:00 3:56
Dylan Coghlan 0 0 0 -1 0 0 0 1 0 1 0/0 27:54 0:00 3:38
Filip Hallander 1 0 1 0 0 1 0 1 1 0 1/2 9:48 0:00 1:59
Jacob Bernard-Docker 0 0 0 1 0 1 0 1 0 2 0/0 11:03 0:00 0:00
Jon Merrill 0 1 1 -1 0 2 2 4 1 0 0/0 27:54 0:00 3:38
Max Comtois 0 0 0 0 0 1 3 0 0 0 1/2 15:17 0:00 0:10
Nicolas Deslauriers 0 0 0 0 6 5 1 0 0 2 1/1 15:34 0:44 0:13
Raphael Lavoie 0 0 0 0 0 0 0 1 1 1 5/11 14:31 0:00 0:00
Riley Barber 0 0 0 0 0 2 0 0 1 0 0/0 10:04 0:10 0:00
Sam Poulin 0 1 1 0 0 0 3 0 0 0 0/0 7:49 0:00 0:00
Sean Monahan 1 0 1 0 0 5 0 0 3 1 16/29 24:02 0:44 3:20
Semyon Der-Arguchintsev 0 0 0 -1 0 3 1 1 1 0 1/3 8:13 0:10 0:00
Tanner Laczynski 0 0 0 0 0 1 0 1 0 0 3/6 12:41 0:00 2:19
Ville Heinola 0 0 0 -1 0 1 0 1 0 1 0/0 19:11 0:54 0:57
Wyatte Wylie 0 0 0 1 0 0 0 0 0 0 0/0 13:52 0:00 2:40
Players Stats for London Knights
Player Name G A P +/- PIM S H SB GA TA FO MP PP MP PK MP
------------------------------------------------------------------------------------
Cameron Hughes 1 0 1 1 0 4 3 3 0 0 0/1 19:03 3:19 0:00
Christian Wolanin 0 1 1 1 0 4 3 3 1 2 0/0 21:52 2:46 0:13
Cole Koepke 0 1 1 1 0 0 1 0 2 2 0/1 12:26 0:00 0:00
Connor Bunnaman 0 0 0 -2 0 2 3 0 0 0 0/1 16:56 2:49 0:00
Curtis Douglas 0 0 0 0 0 1 3 0 0 0 2/3 9:32 0:10 0:00
Dominik Bokk 0 0 0 0 0 1 0 0 0 0 0/0 9:11 0:10 0:00
Ethan Bear 1 0 1 0 0 1 1 1 1 2 0/0 22:14 3:32 0:41
Jan Jenik 1 0 1 -1 0 6 1 0 1 0 9/19 17:58 2:49 0:20
Jordan Oesterle 0 2 2 0 0 1 0 0 0 0 0/0 22:14 3:32 0:41
Marco Rossi 1 0 1 2 0 1 0 1 0 0 7/15 13:22 0:00 0:20
Nick Swaney 0 0 0 1 0 2 2 0 0 1 1/1 12:51 0:10 0:00
Nolan Patrick 0 0 0 1 0 3 1 0 1 1 8/16 20:19 3:19 0:34
Rasmus Kupari 0 2 2 1 0 4 1 2 0 0 0/0 20:10 3:19 0:34
Sami Niku 0 0 0 1 0 1 1 0 1 0 0/0 16:46 0:00 0:13
Simon Lundmark 0 0 0 0 0 0 2 2 0 0 0/0 15:54 0:00 0:00
Simon Ryfors 0 0 0 0 0 2 1 0 1 0 0/0 9:01 0:00 0:00
Troy Stecher 0 0 0 0 2 2 1 2 0 3 0/0 21:09 2:45 0:00
Tyce Thompson 0 0 0 -2 0 4 2 0 0 0 2/2 17:02 2:49 0:00
3 Stars
1 - Cameron Hughes (LKN)
2 - Marco Rossi (LKN)
3 - Rasmus Kupari (LKN)
Power Play
Newfoundland Shamrocks - 0 on 1 Attempt(s) - 0.00%
London Knights - 1 on 4 Attempt(s) - 25.00%
Penalty Kill
Newfoundland Shamrocks - 3 on 4 Attempt(s) - 75.00%
- Score 0 goal in Penalty Kill
London Knights - 1 on 1 Attempt(s) - 100.00%
- Score 0 goal in Penalty Kill
Team Stat
Newfoundland Shamrocks - Hits : 15 - Faceoff Wins : 30 - Blocked Shots : 17 - Penalty Minutes : 8
London Knights - Hits : 26 - Faceoff Wins : 29 - Blocked Shots : 14 - Penalty Minutes : 2
Official
Referees : Jean Hebert and Greg Kimmerly
Linesman : Andy McElman and John Grandt
Game Notes
No Game Note
Newfoundland Shamrocks
5 vs 5 Forward
Center Left Wing Right Wing Time % Phy DF OF
1 Sean Monahan Denis Gurianov Alex Chiasson 40 1 2 2
2 Raphael Lavoie Max Comtois Nicolas Deslauriers 30 1 2 2
3 Tanner Laczynski Drew O'Connor Riley Barber 20 1 2 2
4 Semyon Der-Arguchintsev Filip Hallander Sam Poulin 10 1 2 2
5 vs 5 Defense
Defense Defense Time % Phy DF OF
1 Jon Merrill Dylan Coghlan 40 1 2 2
2 Alec Regula Ville Heinola 30 1 2 2
3 Jacob Bernard-Docker Wyatte Wylie 20 1 2 2
4 Jon Merrill Dylan Coghlan 10 1 2 2
PowerPlay Forward
Center Left Wing Right Wing Time % Phy DF OF
1 Raphael Lavoie Max Comtois Alex Chiasson 60 1 2 2
2 Semyon Der-Arguchintsev Denis Gurianov Riley Barber 40 1 2 2
PowerPlay Defense
Defense Defense Time % Phy DF OF
1 Sam Poulin Jacob Bernard-Docker 60 1 2 2
2 Nicolas Deslauriers Ville Heinola 40 1 2 2
Penalty Kill 4 Players Forward
Center Wing Time % Phy DF OF
1 Sean Monahan Drew O'Connor 60 1 2 2
2 Tanner Laczynski Filip Hallander 40 1 2 2
Penalty Kill 4 Players Defense
Defense Defense Time % Phy DF OF
1 Jon Merrill Dylan Coghlan 60 1 2 2
2 Wyatte Wylie Alec Regula 40 1 2 2
Penalty Kill - 3 Players Forward
Forward Time % Phy DF OF
1 Sean Monahan 60 1 2 2
2 Tanner Laczynski 40 1 2 2
Penalty Kill - 3 Players Defense
Defense Defense Time % Phy DF OF
1 Jon Merrill Dylan Coghlan 60 1 2 2
2 Alec Regula Wyatte Wylie 40 1 2 2
4 vs 4 Forward
Center Wing Time % Phy DF OF
1 Sean Monahan Alex Chiasson 60 1 2 2
2 Semyon Der-Arguchintsev Denis Gurianov 40 1 2 2
4 vs 4 Defense
Defense Defense Time % Phy DF OF
1 Jon Merrill Dylan Coghlan 60 1 2 2
2 Alec Regula Ville Heinola 40 1 2 2
Last Minutes Offensive
Center Left Wing Right Wing Defense Defense
Raphael Lavoie Max Comtois Sam Poulin Jon Merrill Alec Regula
Last Minutes Defensive
Center Left Wing Right Wing Defense Defense
Tanner Laczynski Alex Chiasson Nicolas Deslauriers Jon Merrill Alec Regula
Goaltenders
Starting : Louis Domingue
Backup : Dustin Tokarski
Extra Forwards
Normal : Max Comtois, Sean Monahan, Denis Gurianov - PP : Sean Monahan, Tanner Laczynski - PK : Nicolas Deslauriers
Extra Defensemen
Normal : Alec Regula, Jon Merrill, Dylan Coghlan - PP : Wyatte Wylie - PK : Ville Heinola, Jacob Bernard-Docker
Penalty Shots
Alex Chiasson, Max Comtois, Nicolas Deslauriers, Riley Barber, Filip Hallander
London Knights
5 vs 5 Forward
Center Left Wing Right Wing Time % Phy DF OF
1 Nolan Patrick Cameron Hughes Rasmus Kupari 30 1 2 2
2 Jan Jenik Connor Bunnaman Tyce Thompson 30 1 2 2
3 Marco Rossi Cole Koepke Nick Swaney 25 1 2 2
4 Curtis Douglas Simon Ryfors Dominik Bokk 15 1 2 2
5 vs 5 Defense
Defense Defense Time % Phy DF OF
1 Ethan Bear Jordan Oesterle 35 1 2 2
2 Troy Stecher Christian Wolanin 35 1 2 2
3 Sami Niku Simon Lundmark 30 1 2 2
4 Ethan Bear Jordan Oesterle 0 1 2 2
PowerPlay Forward
Center Left Wing Right Wing Time % Phy DF OF
1 Nolan Patrick Cameron Hughes Rasmus Kupari 50 1 2 2
2 Jan Jenik Connor Bunnaman Tyce Thompson 50 1 2 2
PowerPlay Defense
Defense Defense Time % Phy DF OF
1 Ethan Bear Jordan Oesterle 50 1 2 2
2 Troy Stecher Christian Wolanin 50 1 2 2
Penalty Kill 4 Players Forward
Center Wing Time % Phy DF OF
1 Nolan Patrick Rasmus Kupari 50 1 2 2
2 Jan Jenik Marco Rossi 50 1 2 2
Penalty Kill 4 Players Defense
Defense Defense Time % Phy DF OF
1 Ethan Bear Jordan Oesterle 50 1 2 2
2 Troy Stecher Christian Wolanin 50 1 2 2
Penalty Kill - 3 Players Forward
Forward Time % Phy DF OF
1 Nolan Patrick 50 1 2 2
2 Rasmus Kupari 50 1 2 2
Penalty Kill - 3 Players Defense
Defense Defense Time % Phy DF OF
1 Ethan Bear Jordan Oesterle 50 1 2 2
2 Troy Stecher Christian Wolanin 50 1 2 2
4 vs 4 Forward
Center Wing Time % Phy DF OF
1 Nolan Patrick Rasmus Kupari 50 1 2 2
2 Jan Jenik Marco Rossi 50 1 2 2
4 vs 4 Defense
Defense Defense Time % Phy DF OF
1 Ethan Bear Jordan Oesterle 50 1 2 2
2 Troy Stecher Christian Wolanin 50 1 2 2
Last Minutes Offensive
Center Left Wing Right Wing Defense Defense
Nolan Patrick Cameron Hughes Rasmus Kupari Ethan Bear Jordan Oesterle
Last Minutes Defensive
Center Left Wing Right Wing Defense Defense
Nolan Patrick Cameron Hughes Rasmus Kupari Ethan Bear Jordan Oesterle
Goaltenders
Starting : Michael Hutchinson
Backup : Michael McNiven
Extra Forwards
Normal : Curtis Douglas, Nick Swaney, Cole Koepke - PP : Curtis Douglas, Nick Swaney - PK : Cole Koepke
Extra Defensemen
Normal : Sami Niku, Simon Lundmark, Troy Stecher - PP : Sami Niku - PK : Simon Lundmark, Troy Stecher
Penalty Shots
Nolan Patrick, Rasmus Kupari, Jan Jenik, Marco Rossi, Cameron Hughes
% Time on Ice - Newfoundland Shamrocks
Lines # - Real PCT - Wanted PCT - Time Play
Normal Forward
1 - 38% - 40% - 19:31
2 - 28% - 30% - 14:40
3 - 19% - 20% - 9:43
4 - 15% - 10% - 7:49
Normal Defense
1 - 37% - 40% - 19:10
2 - 34% - 30% - 17:21
3 - 21% - 20% - 11:03
4 - 8% - 10% - 4:09
PP Forward
1 - 81% - 60% - 0:44
2 - 19% - 40% - 0:10
PP Defense
1 - 0% - 60% - 0:00
2 - 100% - 40% - 0:54
PK Forward
1 - 75% - 60% - 4:45
2 - 25% - 40% - 1:33
PK Defense
1 - 58% - 60% - 3:38
2 - 42% - 40% - 2:40
PK3 Forward
1 - 0% - 60%
2 - 0% - 40%
PK3 Defense
1 - 0% - 60%
2 - 0% - 40%
44 Forward
1 - 92% - 60% - 1:00
2 - 8% - 40% - 0:05
44 Defense
1 - 88% - 60% - 0:57
2 - 12% - 40% - 0:08
Last Minute Offensive - 0:00
Last Minute Defensive - 0:00
Total
Forward - 60:00
Defense - 60:00
|
% Time on Ice - London Knights
Lines # - Real PCT - Wanted PCT - Time Play
Normal Forward
1 - 31% - 30% - 16:05
2 - 28% - 30% - 14:17
3 - 24% - 25% - 12:20
4 - 17% - 15% - 9:01
Normal Defense
1 - 34% - 35% - 17:35
2 - 35% - 35% - 18:14
3 - 31% - 30% - 15:54
4 - 0% - 0% - 0:00
PP Forward
1 - 53% - 50% - 3:19
2 - 47% - 50% - 2:59
PP Defense
1 - 56% - 50% - 3:32
2 - 44% - 50% - 2:46
PK Forward
1 - 63% - 50% - 0:34
2 - 37% - 50% - 0:20
PK Defense
1 - 76% - 50% - 0:41
2 - 24% - 50% - 0:13
PK3 Forward
1 - 0% - 50%
2 - 0% - 50%
PK3 Defense
1 - 0% - 50%
2 - 0% - 50%
44 Forward
1 - 51% - 50% - 0:33
2 - 49% - 50% - 0:32
44 Defense
1 - 40% - 50% - 0:26
2 - 60% - 50% - 0:39
Last Minute Offensive - 0:00
Last Minute Defensive - 0:00
Total
Forward - 60:00
Defense - 60:00
|
Play-by-Play
1st period
0:01 of 1st period - Nolan Patrick wins face-off versus Sean Monahan in neutral zone.
1:10 of 1st period - Snap shot by Semyon Der-Arguchintsev.
1:10 of 1st period - Stopped by Michael Hutchinson with a rebound.
2:24 of 1st period - Minor Penalty to Nicolas Deslauriers for Interference.
2:25 of 1st period - Sean Monahan wins face-off versus Nolan Patrick in Newfoundland Shamrocks zone.
2:25 of 1st period - Sean Monahan is hit by Nolan Patrick.
3:10 of 1st period - Tanner Laczynski is hit by Troy Stecher and loses puck.
4:24 of 1st period - Penalty to Nicolas Deslauriers is over, Nicolas Deslauriers is back on ice.
4:32 of 1st period - Icing by Sean Monahan.
4:33 of 1st period - Sean Monahan wins face-off versus Marco Rossi in Newfoundland Shamrocks zone.
5:13 of 1st period - Slapshot by Troy Stecher.
5:13 of 1st period - Deflect By Filip Hallander.
5:13 of 1st period - Stopped by Louis Domingue without a rebound.
5:14 of 1st period - Tyce Thompson wins face-off versus Filip Hallander in Newfoundland Shamrocks zone.
6:07 of 1st period - Snap shot by Curtis Douglas.
6:07 of 1st period - Shot Misses the Net.
6:15 of 1st period - Wrist shot by Sean Monahan.
6:15 of 1st period - Stopped by Michael Hutchinson with a rebound.
6:31 of 1st period - Snap shot by Jan Jenik.
6:31 of 1st period - Stopped by Louis Domingue with a rebound.
6:33 of 1st period - Snap shot by Connor Bunnaman.
6:33 of 1st period - Stopped by Louis Domingue with a rebound.
6:35 of 1st period - Slapshot by Christian Wolanin.
6:35 of 1st period - Shot Misses the Net.
6:55 of 1st period - Jon Merrill is hit by Nick Swaney and loses puck.
7:14 of 1st period - Wrist shot by Sean Monahan.
7:14 of 1st period - Shot Misses the Net.
7:26 of 1st period - Tanner Laczynski is hit by Curtis Douglas and loses puck.
7:31 of 1st period - Snap shot by Curtis Douglas.
7:31 of 1st period - Shot Misses the Net.
7:44 of 1st period - Icing by Ville Heinola.
7:45 of 1st period - Jan Jenik wins face-off versus Semyon Der-Arguchintsev in Newfoundland Shamrocks zone.
7:48 of 1st period - Snap shot by Tyce Thompson.
7:48 of 1st period - Shot Blocked by Filip Hallander.
8:39 of 1st period - Icing by Raphael Lavoie.
8:40 of 1st period - Jan Jenik wins face-off versus Raphael Lavoie in Newfoundland Shamrocks zone.
9:05 of 1st period - Snap shot by Nicolas Deslauriers.
9:05 of 1st period - Stopped by Michael Hutchinson with a rebound.
9:11 of 1st period - Snap shot by Nicolas Deslauriers.
9:11 of 1st period - Stopped by Michael Hutchinson with a rebound.
9:13 of 1st period - Wrist shot by Nicolas Deslauriers.
9:13 of 1st period - Stopped by Michael Hutchinson without a rebound.
9:14 of 1st period - Nolan Patrick wins face-off versus Alex Chiasson in London Knights zone.
9:45 of 1st period - Icing by Alec Regula.
9:46 of 1st period - Jan Jenik wins face-off versus Tanner Laczynski in Newfoundland Shamrocks zone.
10:15 of 1st period - Snap shot by Cameron Hughes.
10:15 of 1st period - Stopped by Louis Domingue with a rebound.
10:39 of 1st period - Slapshot by Cameron Hughes.
10:39 of 1st period - Shot Blocked by Ville Heinola.
10:55 of 1st period - Snap shot by Drew O'Connor.
10:55 of 1st period - Stopped by Michael Hutchinson with a rebound.
11:19 of 1st period - Snap shot by Riley Barber.
11:19 of 1st period - Shot Misses the Net.
11:21 of 1st period - Snap shot by Drew O'Connor.
11:21 of 1st period - Shot Misses the Net.
11:23 of 1st period - Snap shot by Ville Heinola.
11:23 of 1st period - Deflect By Drew O'Connor.
11:23 of 1st period - Shot Blocked by Cameron Hughes.
11:23 of 1st period - Puck is out of play.
11:24 of 1st period - Sean Monahan wins face-off versus Jan Jenik in London Knights zone.
11:25 of 1st period - Wrist shot by Denis Gurianov.
11:25 of 1st period - Stopped by Michael Hutchinson with a rebound.
11:39 of 1st period - Slapshot by Tyce Thompson.
11:39 of 1st period - Shot Misses the Net.
11:49 of 1st period - Cole Koepke is hit by Max Comtois and loses puck.
12:19 of 1st period - Snap shot by Sam Poulin.
12:19 of 1st period - Shot Blocked by Troy Stecher.
12:21 of 1st period - Wrist shot by Semyon Der-Arguchintsev.
12:21 of 1st period - Shot Misses the Net.
12:35 of 1st period - Slapshot by Simon Ryfors.
12:35 of 1st period - Deflect By Dominik Bokk.
12:35 of 1st period - Stopped by Louis Domingue with a rebound.
12:37 of 1st period - Slapshot by Christian Wolanin.
12:37 of 1st period - Shot Misses the Net.
12:39 of 1st period - Slapshot by Troy Stecher.
12:39 of 1st period - Shot Blocked by Denis Gurianov.
15:28 of 1st period - Riley Barber is hit by Cameron Hughes and loses puck.
15:43 of 1st period - Filip Hallander is hit by Christian Wolanin and loses puck.
15:48 of 1st period - Wrist shot by Marco Rossi.
15:48 of 1st period - Shot Blocked by Semyon Der-Arguchintsev.
16:00 of 1st period - Ville Heinola is hit by Tyce Thompson and loses puck.
16:27 of 1st period - Minor Penalty to Alec Regula for Hooking.
16:28 of 1st period - Jan Jenik wins face-off versus Sean Monahan in Newfoundland Shamrocks zone.
16:39 of 1st period - Snap shot by Tyce Thompson.
16:39 of 1st period - Shot Misses the Net.
16:41 of 1st period - Snap shot by Jan Jenik.
16:41 of 1st period - Stopped by Louis Domingue without a rebound.
16:42 of 1st period - Drew O'Connor wins face-off versus Nolan Patrick in Newfoundland Shamrocks zone.
18:07 of 1st period - Snap shot by Nicolas Deslauriers.
18:07 of 1st period - Shot Blocked by Cameron Hughes.
18:12 of 1st period - Icing by Nolan Patrick.
18:13 of 1st period - Nolan Patrick wins face-off versus Sean Monahan in London Knights zone.
18:26 of 1st period - Icing by Rasmus Kupari.
18:27 of 1st period - Penalty to Alec Regula is over, Alec Regula is back on ice.
18:27 of 1st period - Nolan Patrick wins face-off versus Raphael Lavoie in London Knights zone.
19:02 of 1st period - Slapshot by Jan Jenik.
19:02 of 1st period - Shot Misses the Net.
19:04 of 1st period - Slapshot by Christian Wolanin.
19:04 of 1st period - Stopped by Louis Domingue with a rebound.
19:06 of 1st period - Slapshot by Christian Wolanin.
19:06 of 1st period - Shot Blocked by Jon Merrill.
19:21 of 1st period - Wrist shot by Drew O'Connor.
19:21 of 1st period - Shot Misses the Net.
19:23 of 1st period - Snap shot by Dylan Coghlan.
19:23 of 1st period - Shot Misses the Net.
19:25 of 1st period - Snap shot by Tanner Laczynski.
19:25 of 1st period - Shot Blocked by Marco Rossi.
19:27 of 1st period - Snap shot by Tanner Laczynski.
19:27 of 1st period - Stopped by Michael Hutchinson with a rebound.
19:55 of 1st period - Curtis Douglas is hit by Sam Poulin and loses puck.
Goals for this period are 0 for Newfoundland Shamrocks vs 0 for London Knights.
Shots for this period are 8 for Newfoundland Shamrocks vs 7 for London Knights.
2nd period
0:01 of 2nd period - Tyce Thompson wins face-off versus Sean Monahan in neutral zone.
0:06 of 2nd period - Snap shot by Connor Bunnaman.
0:06 of 2nd period - Stopped by Louis Domingue with a rebound.
0:26 of 2nd period - Cameron Hughes is hit by Nicolas Deslauriers and loses puck.
0:57 of 2nd period - Snap shot by Marco Rossi.
0:57 of 2nd period - Shot Blocked by Jacob Bernard-Docker.
1:31 of 2nd period - Wrist shot by Jan Jenik.
1:31 of 2nd period - Deflect By Connor Bunnaman.
1:31 of 2nd period - Shot Misses the Net.
1:31 of 2nd period - Puck is out of play.
1:32 of 2nd period - Jan Jenik wins face-off versus Sean Monahan in Newfoundland Shamrocks zone.
2:03 of 2nd period - Wrist shot by Drew O'Connor.
2:03 of 2nd period - Stopped by Michael Hutchinson with a rebound.
2:05 of 2nd period - Snap shot by Drew O'Connor.
2:05 of 2nd period - Shot Misses the Net.
2:07 of 2nd period - Slapshot by Alec Regula.
2:07 of 2nd period - Shot Blocked by Christian Wolanin.
2:09 of 2nd period - Snap shot by Drew O'Connor.
2:09 of 2nd period - Shot Blocked by Troy Stecher.
2:42 of 2nd period - Raphael Lavoie is hit by Simon Ryfors and loses puck.
2:51 of 2nd period - Wrist shot by Simon Ryfors.
2:51 of 2nd period - Stopped by Louis Domingue without a rebound.
2:52 of 2nd period - Marco Rossi wins face-off versus Alex Chiasson in Newfoundland Shamrocks zone.
2:59 of 2nd period - Snap shot by Nick Swaney.
2:59 of 2nd period - Deflect By Marco Rossi.
2:59 of 2nd period - Shot Blocked by Jon Merrill.
2:59 of 2nd period - Puck is out of play.
3:00 of 2nd period - Sean Monahan wins face-off versus Cole Koepke in Newfoundland Shamrocks zone.
3:25 of 2nd period - Dylan Coghlan is hit by Cameron Hughes and loses puck.
3:34 of 2nd period - Snap shot by Rasmus Kupari.
3:34 of 2nd period - Stopped by Louis Domingue with a rebound.
3:36 of 2nd period - Snap shot by Nolan Patrick.
3:36 of 2nd period - Shot Blocked by Tanner Laczynski.
3:57 of 2nd period - Snap shot by Max Comtois.
3:57 of 2nd period - Shot Misses the Net.
4:17 of 2nd period - Snap shot by Curtis Douglas.
4:17 of 2nd period - Stopped by Louis Domingue with a rebound.
4:25 of 2nd period - Troy Stecher is hit by Alec Regula and loses puck.
4:33 of 2nd period - Icing by Troy Stecher.
4:34 of 2nd period - Curtis Douglas wins face-off versus Semyon Der-Arguchintsev in London Knights zone.
4:46 of 2nd period - Backhand shot by Filip Hallander.
4:46 of 2nd period - Shot Blocked by Cameron Hughes.
4:48 of 2nd period - Slapshot by Jacob Bernard-Docker.
4:48 of 2nd period - Stopped by Michael Hutchinson without a rebound.
4:49 of 2nd period - Sean Monahan wins face-off versus Jan Jenik in London Knights zone.
4:58 of 2nd period - Snap shot by Denis Gurianov.
4:58 of 2nd period - Stopped by Michael Hutchinson with a rebound.
5:00 of 2nd period - Snap shot by Alex Chiasson.
5:00 of 2nd period - Stopped by Michael Hutchinson with a rebound.
5:02 of 2nd period - Slapshot by Jacob Bernard-Docker.
5:02 of 2nd period - Shot Misses the Net.
5:37 of 2nd period - Wrist shot by Marco Rossi.
5:37 of 2nd period - Goal by Marco Rossi - Newfoundland Shamrocks : 0 - London Knights : 1.
5:38 of 2nd period - Marco Rossi wins face-off versus Sean Monahan in neutral zone.
5:41 of 2nd period - Snap shot by Cole Koepke.
5:41 of 2nd period - Deflect By Nick Swaney.
5:41 of 2nd period - Stopped by Louis Domingue with a rebound.
5:43 of 2nd period - Snap shot by Nick Swaney.
5:43 of 2nd period - Shot Misses the Net.
6:03 of 2nd period - Jan Jenik is hit by Max Comtois and loses puck.
6:09 of 2nd period - Icing by Ethan Bear.
6:10 of 2nd period - Raphael Lavoie wins face-off versus Jan Jenik in London Knights zone.
6:35 of 2nd period - Ville Heinola is hit by Tyce Thompson.
6:43 of 2nd period - Snap shot by Jan Jenik.
6:43 of 2nd period - Stopped by Louis Domingue with a rebound.
6:59 of 2nd period - Slapshot by Max Comtois.
6:59 of 2nd period - Shot Blocked by Ethan Bear.
7:32 of 2nd period - Off-side.
7:33 of 2nd period - Sean Monahan wins face-off versus Nolan Patrick in neutral zone.
7:46 of 2nd period - Wrist shot by Denis Gurianov.
7:46 of 2nd period - Shot Blocked by Rasmus Kupari.
7:48 of 2nd period - Wrist shot by Sean Monahan.
7:48 of 2nd period - Deflect By Rasmus Kupari.
7:48 of 2nd period - Shot Blocked by Simon Lundmark.
7:48 of 2nd period - Puck is out of play.
7:49 of 2nd period - Nick Swaney wins face-off versus Tanner Laczynski in London Knights zone.
8:14 of 2nd period - Dylan Coghlan is hit by Christian Wolanin and loses puck.
8:44 of 2nd period - Snap shot by Cameron Hughes.
8:44 of 2nd period - Stopped by Louis Domingue with a rebound.
9:04 of 2nd period - Tanner Laczynski is hit by Nick Swaney.
9:34 of 2nd period - Wrist shot by Cameron Hughes.
9:34 of 2nd period - Stopped by Louis Domingue without a rebound.
9:35 of 2nd period - Tanner Laczynski wins face-off versus Nolan Patrick in Newfoundland Shamrocks zone.
9:35 of 2nd period - Tanner Laczynski is hit by Rasmus Kupari.
9:43 of 2nd period - Wrist shot by Riley Barber.
9:43 of 2nd period - Stopped by Michael Hutchinson with a rebound.
9:45 of 2nd period - Slapshot by Jon Merrill.
9:45 of 2nd period - Stopped by Michael Hutchinson with a rebound.
9:47 of 2nd period - Slapshot by Tanner Laczynski.
9:47 of 2nd period - Shot Blocked by Rasmus Kupari.
9:49 of 2nd period - Slapshot by Jon Merrill.
9:49 of 2nd period - Stopped by Michael Hutchinson without a rebound.
9:50 of 2nd period - Sean Monahan wins face-off versus Marco Rossi in London Knights zone.
9:59 of 2nd period - Wrist shot by Alex Chiasson.
9:59 of 2nd period - Shot Misses the Net.
10:29 of 2nd period - Nolan Patrick is hit by Jon Merrill and loses puck.
10:42 of 2nd period - Slapshot by Filip Hallander.
10:42 of 2nd period - Goal by Filip Hallander - Newfoundland Shamrocks : 1 - London Knights : 1.
10:43 of 2nd period - Sean Monahan wins face-off versus Nolan Patrick in neutral zone.
10:58 of 2nd period - Wrist shot by Alex Chiasson.
10:58 of 2nd period - Shot Misses the Net.
11:21 of 2nd period - Alex Chiasson is hit by Cameron Hughes and loses puck.
11:28 of 2nd period - Slapshot by Nolan Patrick.
11:28 of 2nd period - Stopped by Louis Domingue with a rebound.
11:30 of 2nd period - Slapshot by Simon Lundmark.
11:30 of 2nd period - Deflect By Nolan Patrick.
11:30 of 2nd period - Stopped by Louis Domingue with a rebound.
11:32 of 2nd period - Slapshot by Sami Niku.
11:32 of 2nd period - Stopped by Louis Domingue with a rebound.
11:42 of 2nd period - Wrist shot by Nolan Patrick.
11:42 of 2nd period - Shot Blocked by Jon Merrill.
11:44 of 2nd period - Wrist shot by Nolan Patrick.
11:44 of 2nd period - Shot Misses the Net.
11:46 of 2nd period - Snap shot by Rasmus Kupari.
11:46 of 2nd period - Shot Misses the Net.
11:48 of 2nd period - Slapshot by Simon Lundmark.
11:48 of 2nd period - Shot Misses the Net.
11:50 of 2nd period - Snap shot by Nolan Patrick.
11:50 of 2nd period - Shot Hit the Post.
11:52 of 2nd period - Slapshot by Simon Lundmark.
11:52 of 2nd period - Shot Blocked by Jon Merrill.
11:54 of 2nd period - Wrist shot by Nolan Patrick.
11:54 of 2nd period - Stopped by Louis Domingue with a rebound.
12:04 of 2nd period - Wrist shot by Cameron Hughes.
12:04 of 2nd period - Shot Misses the Net.
12:06 of 2nd period - Snap shot by Cameron Hughes.
12:06 of 2nd period - Shot Blocked by Denis Gurianov.
12:08 of 2nd period - Wrist shot by Cameron Hughes.
12:08 of 2nd period - Shot Hit the Post.
12:10 of 2nd period - Wrist shot by Cameron Hughes.
12:10 of 2nd period - Shot Misses the Net.
12:12 of 2nd period - Slapshot by Sami Niku.
12:12 of 2nd period - Shot Misses the Net.
13:16 of 2nd period - Wrist shot by Alex Chiasson.
13:16 of 2nd period - Stopped by Michael Hutchinson with a rebound.
13:27 of 2nd period - Backhand shot by Denis Gurianov.
13:27 of 2nd period - Stopped by Michael Hutchinson with a rebound.
13:39 of 2nd period - Snap shot by Alex Chiasson.
13:39 of 2nd period - Shot Misses the Net.
13:58 of 2nd period - Jon Merrill is hit by Sami Niku and loses puck.
14:11 of 2nd period - Slapshot by Rasmus Kupari.
14:11 of 2nd period - Stopped by Louis Domingue without a rebound.
14:12 of 2nd period - Nicolas Deslauriers wins face-off versus Jan Jenik in Newfoundland Shamrocks zone.
14:12 of 2nd period - Nicolas Deslauriers is hit by Jan Jenik.
14:20 of 2nd period - Connor Bunnaman is hit by Max Comtois and loses puck.
14:46 of 2nd period - Snap shot by Marco Rossi.
14:46 of 2nd period - Deflect By Nick Swaney.
14:46 of 2nd period - Shot Blocked by Alec Regula.
14:46 of 2nd period - Puck is out of play.
14:47 of 2nd period - Curtis Douglas wins face-off versus Max Comtois in Newfoundland Shamrocks zone.
14:48 of 2nd period - Slapshot by Ethan Bear.
14:48 of 2nd period - Deflect By Simon Ryfors.
14:48 of 2nd period - Stopped by Louis Domingue with a rebound.
15:28 of 2nd period - Icing by Wyatte Wylie.
15:29 of 2nd period - Semyon Der-Arguchintsev wins face-off versus Jan Jenik in Newfoundland Shamrocks zone.
15:34 of 2nd period - Tyce Thompson is hit by Sam Poulin and loses puck.
15:53 of 2nd period - Wrist shot by Sam Poulin.
15:53 of 2nd period - Shot Hit the Post.
15:55 of 2nd period - Slapshot by Semyon Der-Arguchintsev.
15:55 of 2nd period - Stopped by Michael Hutchinson with a rebound.
15:57 of 2nd period - Slapshot by Semyon Der-Arguchintsev.
15:57 of 2nd period - Stopped by Michael Hutchinson without a rebound.
15:58 of 2nd period - Raphael Lavoie wins face-off versus Marco Rossi in London Knights zone.
16:03 of 2nd period - Snap shot by Nicolas Deslauriers.
16:03 of 2nd period - Stopped by Michael Hutchinson without a rebound.
16:04 of 2nd period - Raphael Lavoie wins face-off versus Marco Rossi in London Knights zone.
16:21 of 2nd period - Minor Penalty to Nicolas Deslauriers for Hooking.
16:22 of 2nd period - Tanner Laczynski wins face-off versus Jan Jenik in Newfoundland Shamrocks zone.
16:34 of 2nd period - Snap shot by Tyce Thompson.
16:34 of 2nd period - Stopped by Louis Domingue with a rebound.
16:36 of 2nd period - Wrist shot by Tyce Thompson.
16:36 of 2nd period - Stopped by Louis Domingue with a rebound.
16:38 of 2nd period - Snap shot by Connor Bunnaman.
16:38 of 2nd period - Shot Misses the Net.
16:58 of 2nd period - Jan Jenik is hit by Drew O'Connor and loses puck.
17:09 of 2nd period - Slapshot by Jordan Oesterle.
17:09 of 2nd period - Stopped by Louis Domingue without a rebound.
17:10 of 2nd period - Filip Hallander wins face-off versus Curtis Douglas in Newfoundland Shamrocks zone.
17:15 of 2nd period - Minor Penalty to Troy Stecher for Hooking.
17:16 of 2nd period - Jan Jenik wins face-off versus Sean Monahan in London Knights zone.
17:45 of 2nd period - Snap shot by Rasmus Kupari.
17:45 of 2nd period - Shot Blocked by Denis Gurianov.
17:47 of 2nd period - Slapshot by Jan Jenik.
17:47 of 2nd period - Goal by Jan Jenik - Newfoundland Shamrocks : 1 - London Knights : 2.
17:48 of 2nd period - Nolan Patrick wins face-off versus Sean Monahan in neutral zone.
18:21 of 2nd period - Penalty to Nicolas Deslauriers is over, Nicolas Deslauriers is back on ice.
18:30 of 2nd period - Slapshot by Nicolas Deslauriers.
18:30 of 2nd period - Stopped by Michael Hutchinson with a rebound.
18:52 of 2nd period - Wrist shot by Sean Monahan.
18:52 of 2nd period - Stopped by Michael Hutchinson with a rebound.
18:54 of 2nd period - Slapshot by Ville Heinola.
18:54 of 2nd period - Shot Misses the Net.
19:15 of 2nd period - Penalty to Troy Stecher is over, Troy Stecher is back on ice.
19:50 of 2nd period - Ethan Bear is hit by Semyon Der-Arguchintsev and loses puck.
Goals for this period are 1 for Newfoundland Shamrocks vs 2 for London Knights.
Shots for this period are 15 for Newfoundland Shamrocks vs 19 for London Knights.
3rd period
0:01 of 3rd period - Sean Monahan wins face-off versus Jan Jenik in neutral zone.
0:12 of 3rd period - Snap shot by Jan Jenik.
0:12 of 3rd period - Stopped by Louis Domingue with a rebound.
0:14 of 3rd period - Slapshot by Troy Stecher.
0:14 of 3rd period - Stopped by Louis Domingue without a rebound.
0:15 of 3rd period - Marco Rossi wins face-off versus Raphael Lavoie in Newfoundland Shamrocks zone.
0:36 of 3rd period - Minor Penalty to Nicolas Deslauriers for Roughing.
0:37 of 3rd period - Nolan Patrick wins face-off versus Sean Monahan in Newfoundland Shamrocks zone.
0:50 of 3rd period - Snap shot by Nolan Patrick.
0:50 of 3rd period - Shot Misses the Net.
0:52 of 3rd period - Wrist shot by Rasmus Kupari.
0:52 of 3rd period - Deflect By Nolan Patrick.
0:52 of 3rd period - Shot Misses the Net.
0:52 of 3rd period - Puck is out of play.
0:53 of 3rd period - Sean Monahan wins face-off versus Jan Jenik in Newfoundland Shamrocks zone.
0:53 of 3rd period - Sean Monahan is hit by Connor Bunnaman.
1:03 of 3rd period - Slapshot by Christian Wolanin.
1:03 of 3rd period - Shot Misses the Net.
1:05 of 3rd period - Wrist shot by Tyce Thompson.
1:05 of 3rd period - Shot Misses the Net.
1:07 of 3rd period - Wrist shot by Jan Jenik.
1:07 of 3rd period - Stopped by Louis Domingue with a rebound.
1:09 of 3rd period - Slapshot by Christian Wolanin.
1:09 of 3rd period - Stopped by Louis Domingue without a rebound.
1:10 of 3rd period - Nolan Patrick wins face-off versus Sean Monahan in Newfoundland Shamrocks zone.
1:17 of 3rd period - Slapshot by Rasmus Kupari.
1:17 of 3rd period - Shot Misses the Net.
1:19 of 3rd period - Wrist shot by Rasmus Kupari.
1:19 of 3rd period - Deflect By Nolan Patrick.
1:19 of 3rd period - Shot Misses the Net.
1:19 of 3rd period - Puck is out of play.
1:20 of 3rd period - Sean Monahan wins face-off versus Nolan Patrick in Newfoundland Shamrocks zone.
1:20 of 3rd period - Sean Monahan is hit by Ethan Bear.
2:00 of 3rd period - Slapshot by Ethan Bear.
2:00 of 3rd period - Shot Blocked by Alec Regula.
2:02 of 3rd period - Slapshot by Ethan Bear.
2:02 of 3rd period - Goal by Ethan Bear - Newfoundland Shamrocks : 1 - London Knights : 3.
2:03 of 3rd period - Jan Jenik wins face-off versus Sean Monahan in neutral zone.
2:06 of 3rd period - Alex Chiasson is hit by Connor Bunnaman and loses puck.
2:14 of 3rd period - Slapshot by Jon Merrill.
2:14 of 3rd period - Deflect By Denis Gurianov.
2:14 of 3rd period - Stopped by Michael Hutchinson with a rebound.
2:16 of 3rd period - Backhand shot by Sean Monahan.
2:16 of 3rd period - Goal by Sean Monahan - Newfoundland Shamrocks : 2 - London Knights : 3.
2:17 of 3rd period - Sean Monahan wins face-off versus Marco Rossi in neutral zone.
2:47 of 3rd period - Off-side.
2:48 of 3rd period - Jan Jenik wins face-off versus Raphael Lavoie in neutral zone.
3:10 of 3rd period - Snap shot by Max Comtois.
3:10 of 3rd period - Stopped by Michael Hutchinson with a rebound.
3:16 of 3rd period - Wrist shot by Tyce Thompson.
3:16 of 3rd period - Shot Misses the Net.
3:32 of 3rd period - Wrist shot by Tyce Thompson.
3:32 of 3rd period - Shot Misses the Net.
3:34 of 3rd period - Slapshot by Troy Stecher.
3:34 of 3rd period - Shot Blocked by Dylan Coghlan.
3:38 of 3rd period - Backhand shot by Tyce Thompson.
3:38 of 3rd period - Stopped by Louis Domingue without a rebound.
3:39 of 3rd period - Sean Monahan wins face-off versus Marco Rossi in Newfoundland Shamrocks zone.
3:51 of 3rd period - Icing by Denis Gurianov.
3:52 of 3rd period - Sean Monahan wins face-off versus Marco Rossi in Newfoundland Shamrocks zone.
4:40 of 3rd period - Wrist shot by Sean Monahan.
4:40 of 3rd period - Stopped by Michael Hutchinson without a rebound.
4:41 of 3rd period - Raphael Lavoie wins face-off versus Nolan Patrick in London Knights zone.
5:36 of 3rd period - Slapshot by Tanner Laczynski.
5:36 of 3rd period - Shot Misses the Net.
5:39 of 3rd period - Icing by Rasmus Kupari.
5:40 of 3rd period - Nolan Patrick wins face-off versus Sean Monahan in London Knights zone.
8:12 of 3rd period - Slapshot by Sam Poulin.
8:12 of 3rd period - Shot Misses the Net.
8:24 of 3rd period - Sam Poulin is hit by Cole Koepke and loses puck.
8:35 of 3rd period - Snap shot by Denis Gurianov.
8:35 of 3rd period - Stopped by Michael Hutchinson without a rebound.
8:36 of 3rd period - Alex Chiasson wins face-off versus Cameron Hughes in London Knights zone.
8:39 of 3rd period - Snap shot by Denis Gurianov.
8:39 of 3rd period - Shot Misses the Net.
8:41 of 3rd period - Wrist shot by Alex Chiasson.
8:41 of 3rd period - Shot Hit the Post.
8:43 of 3rd period - Snap shot by Ville Heinola.
8:43 of 3rd period - Stopped by Michael Hutchinson with a rebound.
8:45 of 3rd period - Slapshot by Ville Heinola.
8:45 of 3rd period - Deflect By Denis Gurianov.
8:45 of 3rd period - Shot Misses the Net.
8:45 of 3rd period - Puck is out of play.
8:46 of 3rd period - Sean Monahan wins face-off versus Connor Bunnaman in London Knights zone.
8:47 of 3rd period - Snap shot by Denis Gurianov.
8:47 of 3rd period - Shot Blocked by Christian Wolanin.
8:55 of 3rd period - Slapshot by Christian Wolanin.
8:55 of 3rd period - Stopped by Louis Domingue with a rebound.
8:57 of 3rd period - Snap shot by Connor Bunnaman.
8:57 of 3rd period - Deflect By Tyce Thompson.
8:57 of 3rd period - Shot Blocked by Alec Regula.
8:57 of 3rd period - Puck is out of play.
8:58 of 3rd period - Marco Rossi wins face-off versus Alex Chiasson in Newfoundland Shamrocks zone.
9:46 of 3rd period - Tyce Thompson is hit by Alec Regula and loses puck.
9:55 of 3rd period - Slapshot by Christian Wolanin.
9:55 of 3rd period - Stopped by Louis Domingue without a rebound.
9:56 of 3rd period - Marco Rossi wins face-off versus Raphael Lavoie in Newfoundland Shamrocks zone.
9:59 of 3rd period - Slapshot by Marco Rossi.
9:59 of 3rd period - Shot Misses the Net.
10:01 of 3rd period - Wrist shot by Nick Swaney.
10:01 of 3rd period - Stopped by Louis Domingue without a rebound.
10:02 of 3rd period - Raphael Lavoie wins face-off versus Marco Rossi in Newfoundland Shamrocks zone.
10:28 of 3rd period - Jon Merrill is hit by Connor Bunnaman and loses puck.
10:35 of 3rd period - Snap shot by Jan Jenik.
10:35 of 3rd period - Shot Misses the Net.
11:30 of 3rd period - Simon Lundmark is hit by Jon Merrill and loses puck.
11:37 of 3rd period - Raphael Lavoie is hit by Simon Lundmark and loses puck.
11:50 of 3rd period - Snap shot by Max Comtois.
11:50 of 3rd period - Shot Misses the Net.
11:52 of 3rd period - Wrist shot by Riley Barber.
11:52 of 3rd period - Deflect By Drew O'Connor.
11:52 of 3rd period - Stopped by Michael Hutchinson with a rebound.
11:54 of 3rd period - Wrist shot by Drew O'Connor.
11:54 of 3rd period - Shot Blocked by Christian Wolanin.
11:56 of 3rd period - Slapshot by Jon Merrill.
11:56 of 3rd period - Deflect By Riley Barber.
11:56 of 3rd period - Stopped by Michael Hutchinson without a rebound.
11:57 of 3rd period - Tanner Laczynski wins face-off versus Jan Jenik in London Knights zone.
12:08 of 3rd period - Snap shot by Tyce Thompson.
12:08 of 3rd period - Shot Misses the Net.
12:24 of 3rd period - Nick Swaney is hit by Denis Gurianov and loses puck.
12:33 of 3rd period - Wrist shot by Denis Gurianov.
12:33 of 3rd period - Deflect By Alex Chiasson.
12:33 of 3rd period - Shot Misses the Net.
12:33 of 3rd period - Puck is out of play.
12:34 of 3rd period - Jan Jenik wins face-off versus Raphael Lavoie in London Knights zone.
13:12 of 3rd period - Sean Monahan is hit by Simon Lundmark.
13:42 of 3rd period - Simon Lundmark is hit by Sam Poulin and loses puck.
13:47 of 3rd period - Snap shot by Sam Poulin.
13:47 of 3rd period - Shot Blocked by Simon Lundmark.
13:49 of 3rd period - Snap shot by Ville Heinola.
13:49 of 3rd period - Shot Misses the Net.
14:06 of 3rd period - Sean Monahan is hit by Curtis Douglas and loses puck.
14:29 of 3rd period - Slapshot by Jan Jenik.
14:29 of 3rd period - Deflect By Tyce Thompson.
14:29 of 3rd period - Shot Blocked by Raphael Lavoie.
14:29 of 3rd period - Puck is out of play.
14:30 of 3rd period - Marco Rossi wins face-off versus Sean Monahan in Newfoundland Shamrocks zone.
14:37 of 3rd period - Snap shot by Sean Monahan.
14:37 of 3rd period - Deflect By Denis Gurianov.
14:37 of 3rd period - Stopped by Michael Hutchinson with a rebound.
14:39 of 3rd period - Snap shot by Alec Regula.
14:39 of 3rd period - Shot Misses the Net.
14:41 of 3rd period - Snap shot by Sean Monahan.
14:41 of 3rd period - Stopped by Michael Hutchinson without a rebound.
14:42 of 3rd period - Sean Monahan wins face-off versus Jan Jenik in London Knights zone.
14:53 of 3rd period - Snap shot by Tyce Thompson.
14:53 of 3rd period - Shot Misses the Net.
15:11 of 3rd period - Snap shot by Rasmus Kupari.
15:11 of 3rd period - Stopped by Louis Domingue with a rebound.
15:17 of 3rd period - Wrist shot by Rasmus Kupari.
15:17 of 3rd period - Stopped by Louis Domingue with a rebound.
15:19 of 3rd period - Slapshot by Christian Wolanin.
15:19 of 3rd period - Deflect By Cameron Hughes.
15:19 of 3rd period - Goal by Cameron Hughes - Newfoundland Shamrocks : 2 - London Knights : 4.
15:20 of 3rd period - Marco Rossi wins face-off versus Tanner Laczynski in neutral zone.
17:04 of 3rd period - Wyatte Wylie is hit by Curtis Douglas and loses puck.
17:25 of 3rd period - Snap shot by Sami Niku.
17:25 of 3rd period - Deflect By Tyce Thompson.
17:25 of 3rd period - Stopped by Louis Domingue with a rebound.
17:51 of 3rd period - Slapshot by Nolan Patrick.
17:51 of 3rd period - Shot Misses the Net.
18:25 of 3rd period - Cole Koepke is hit by Alec Regula and loses puck.
18:54 of 3rd period - Ville Heinola is hit by Christian Wolanin and loses puck.
19:04 of 3rd period - Icing by Alec Regula.
19:05 of 3rd period - Max Comtois wins face-off versus Nolan Patrick in Newfoundland Shamrocks zone.
Goals for this period are 1 for Newfoundland Shamrocks vs 2 for London Knights.
Shots for this period are 10 for Newfoundland Shamrocks vs 13 for London Knights.
Back to the Top